AoeStats
← Baron Morg Von Wigard

Arabia

509838581Analyzed
1v1 RM · 20d ago on Sep 28, 2026· 35m 39s· 2 players
Game mode
Random Map
Map size
Tiny (2 player)
Population
200
Speed
Normal
Resources
Standard
Victory
Conquest
Starting age
Dark Age
Ending age
Imperial Age
RankedLock teamsTeams togetherTeam positionsShared explorationLock speedFull tech treeHidden civsTurbo modeCheats
Victory
Defeat
🇫🇷 Britons · France
1392
+16
vs
🇺🇸 Maya · United States
1389
-16
Lonewolf666
0:26 Loom
9:01 Feudal Age
9:33 Double-Bit Axe
16:50 Horse Collar
18:12 Fletching
19:08 Man-at-Arms
20:06 Padded Archer Armor
23:02 Wheelbarrow
25:12 Castle Age
23:57 Gold Mining
25:14 Crossbowman
25:21 Eagle Warrior
26:10 Squires
28:05 Scale Mail Armor
28:42 Forging
29:35 Chain Mail Armor
31:07 Bodkin Arrow
34:45 Leather Archer Armor
Baron Morg Von Wigard
5:06 Loom
9:09 Feudal Age
9:26 Man-at-Arms
10:15 Double-Bit Axe
15:06 Padded Archer Armor
16:27 Fletching
19:36 Wheelbarrow
19:39 Scale Mail Armor
25:04 Castle Age
24:53 Forging
25:01 Horse Collar
25:11 Crossbowman
25:58 Bodkin Arrow
26:31 Long Swordsman
28:48 Wheelbarrow
30:05 Chain Mail Armor
30:35 Gambesons
34:33 Squires
35:17 Leather Archer Armor
35:25 Ballistics
Connection lost

Rejoining the realm…

Still unreachable

The connection could not be restored.

Session expired

The server has moved on; the page needs a fresh start.